AAA
RENO RAILERS @ MONTERREY KILLER WHALES
04/20/2060
 
TOP OF THE 1ST
Reno Railers batting - Pitching for Monterrey Killer Whales : RHP Nathan Bostian
Pitching: RHP Nathan Bostian
Batting: SHB Eli Hughes 0-0: Ball
1-0: Fly out, F4 (Line Drive, 4, EV 63.1 MPH)
Batting: LHB Waylon Spada 0-0: Ball
1-0: Called Strike
1-1: Called Strike
1-2: Fly out, F7 (Line Drive, 78M, EV 88.8 MPH)
Batting: RHB Harry Fischer 0-0: Called Strike
0-1: Ball
1-1: Ball
2-1: DOUBLE (Flyball, 7D, EV 93.1 MPH)
Batting: LHB Moses Thomas 0-0: Swinging Strike
0-1: Ground out 6-3 (Groundball, 6, EV 83.1 MPH)
Top of the 1st over - 0 runs, 1 hit, 0 errors, 1 left on base; Reno 0 - Monterrey 0
BOTTOM OF THE 1ST
Monterrey Killer Whales batting - Pitching for Reno Railers : RHP Arthur Helman
Pitching: RHP Arthur Helman
Batting: LHB Ray Seevers 0-0: Called Strike
0-1: Ball
1-1: Ball
2-1: Fly out, F7 (Flyball, 7S, EV 88.8 MPH)
Batting: LHB Furman Auerbach 0-0: Ground out U3 (Groundball, 3, EV 83.8 MPH)
Batting: LHB Tony May 0-0: Ball
1-0: Foul Ball, location: 2F
1-1: Swinging Strike
1-2: Foul Ball, location: 2F
1-2: Ball
2-2: Foul Ball, location: 2F
2-2: Foul Ball, location: 2F
2-2: Foul Ball, location: 2F
2-2: Foul Ball, location: 2F
2-2: Foul Ball, location: 2F
2-2: Strikes out swinging
Bottom of the 1st over - 0 runs, 0 hits, 0 errors, 0 left on base; Reno 0 - Monterrey 0
TOP OF THE 2ND
Reno Railers batting - Pitching for Monterrey Killer Whales : RHP Nathan Bostian
Batting: RHB Rex Manning 0-0: Swinging Strike
0-1: Ground out 6-3 (Groundball, 56, EV 88.8 MPH)
Batting: SHB Ke'Ron Nicolescu 0-0: Ball
1-0: Ball
2-0: Called Strike
2-1: Ball
3-1: Fly out, F8 (Flyball, 8RM, EV 91.2 MPH)
Batting: RHB Sol Djojohadiksumo 0-0: Ball
1-0: Ball
2-0: Ball
3-0: Called Strike
3-1: Foul Ball, location: 2F
3-2: Foul Ball, location: 2F
3-2: Foul Ball, location: 2F
3-2: Foul Ball, location: 2F
3-2: Base on Balls
Batting: RHB Braeden Shute 0-0: Ball
1-0: Ball
2-0: Ball
3-0: Called Strike
3-1: Swinging Strike
3-2: Foul Ball, location: 2F
3-2: Base on Balls
Sol Djojohadiksumo to second
Batting: RHB Kei'Varae Tran 0-0: Called Strike
0-1: Called Strike
Passed Ball!
Sol Djojohadiksumo to third
Braeden Shute to second
0-2: Ball
1-2: Strikes out looking
Top of the 2nd over - 0 runs, 0 hits, 0 errors, 2 left on base; Reno 0 - Monterrey 0
BOTTOM OF THE 2ND
Monterrey Killer Whales batting - Pitching for Reno Railers : RHP Arthur Helman
Batting: SHB Tucker Shad 0-0: Ball
1-0: Foul Ball, location: 2F
1-1: Swinging Strike
1-2: Ball
2-2: Ball
3-2: Strikes out looking
Batting: RHB Sylvan Troke 0-0: Ball
1-0: SINGLE (Flyball, 6MD, EV 94.4 MPH)
Batting: LHB Stephen Snowbarger 0-0: Called Strike
Sylvan Troke is caught stealing 2nd base 2-6
0-1: Foul Ball, location: 2F
0-2: Ball
1-2: Foul Ball, location: 2F
1-2: DOUBLE (Line Drive, 7LS, EV 93.1 MPH)
Batting: RHB Jakob Barnes 0-0: Called Strike
0-1: Foul Ball, location: 2F
0-2: Ball
1-2: Ground out 5-3 (Groundball, 5, EV 90.0 MPH)
Bottom of the 2nd over - 0 runs, 2 hits, 0 errors, 1 left on base; Reno 0 - Monterrey 0
TOP OF THE 3RD
Reno Railers batting - Pitching for Monterrey Killer Whales : RHP Nathan Bostian
Batting: SHB Eli Hughes 0-0: Called Strike
0-1: Ball
1-1: Called Strike
1-2: Ground out 4-3 (Groundball, 4, EV 96.2 MPH)
Batting: LHB Waylon Spada 0-0: Bunt missed!
0-1: Ball
1-1: Swinging Strike
1-2: Ball
2-2: Foul Ball, location: 2F
2-2: Strikes out looking
Batting: RHB Harry Fischer 0-0: Called Strike
0-1: Ball
1-1: Ball
2-1: Fly out, F8 (Flyball, 8RM, EV 97.5 MPH)
Top of the 3rd over - 0 runs, 0 hits, 0 errors, 0 left on base; Reno 0 - Monterrey 0
BOTTOM OF THE 3RD
Monterrey Killer Whales batting - Pitching for Reno Railers : RHP Arthur Helman
Batting: RHB Jaren Toone 0-0: Ball
1-0: Swinging Strike
1-1: Ball
2-1: Ground out 6-3 (Groundball, 6, EV 83.8 MPH)
Batting: RHB Corey Douglas 0-0: Ball
1-0: Fly out, F9 (Line Drive, 89M, EV 93.1 MPH)
Batting: LHB Ray Seevers 0-0: Foul Ball, location: 2F
0-1: Swinging Strike
0-2: Foul Ball, location: 2F
0-2: Strikes out swinging
Bottom of the 3rd over - 0 runs, 0 hits, 0 errors, 0 left on base; Reno 0 - Monterrey 0
TOP OF THE 4TH
Reno Railers batting - Pitching for Monterrey Killer Whales : RHP Nathan Bostian
Batting: LHB Moses Thomas 0-0: Called Strike
0-1: Called Strike
0-2: Strikes out swinging
Batting: RHB Rex Manning 0-0: Called Strike
0-1: Called Strike
0-2: Strikes out swinging
Batting: SHB Ke'Ron Nicolescu 0-0: Ball
1-0: Ball
2-0: Foul Ball, location: 2F
2-1: Foul Ball, location: 2F
2-2: Ball
3-2: Base on Balls
Batting: RHB Sol Djojohadiksumo 0-0: Swinging Strike
0-1: Ball
1-1: Fly out, F8 (Flyball, 8LD, EV 103.1 MPH)
Top of the 4th over - 0 runs, 0 hits, 0 errors, 1 left on base; Reno 0 - Monterrey 0
BOTTOM OF THE 4TH
Monterrey Killer Whales batting - Pitching for Reno Railers : RHP Arthur Helman
Batting: LHB Furman Auerbach 0-0: Ball
1-0: SINGLE (Groundball, 25, EV 65.6 MPH) (infield hit)
Batting: LHB Tony May 0-0: Called Strike
0-1: DOUBLE (Line Drive, 3D, EV 99.4 MPH)
Furman Auerbach to third
Batting: SHB Tucker Shad 0-0: Ball
1-0: Ground out 6-3 (Groundball, 6, EV 87.5 MPH)
Furman Auerbach scores
Batting: RHB Sylvan Troke 0-0: Ball
1-0: Foul Ball, location: 2F
1-1: Fly out, F8 (Line Drive, 89M, EV 93.8 MPH)
Batting: LHB Stephen Snowbarger 0-0: SINGLE (Groundball, 34D, EV 94.4 MPH)
Tony May to third
Runner from 3rd tries for Home, SAFE, throw by RF to home
Batting: RHB Jakob Barnes 0-0: Called Strike
0-1: Ball
1-1: Called Strike
1-2: Fielders Choice at 2nd, 5-4 (Groundball, 56, EV 85.0 MPH)
Bottom of the 4th over - 2 runs, 3 hits, 0 errors, 1 left on base; Reno 0 - Monterrey 2
TOP OF THE 5TH
Reno Railers batting - Pitching for Monterrey Killer Whales : RHP Nathan Bostian
Batting: RHB Braeden Shute 0-0: Ball
1-0: DOUBLE (Flyball, 8LD, EV 103.8 MPH)
Batting: RHB Kei'Varae Tran 0-0: Called Strike
0-1: Ball
1-1: Called Strike
1-2: Ball
2-2: Strikes out looking
Batting: SHB Eli Hughes 0-0: Called Strike
0-1: Ball
Passed Ball!
Braeden Shute to third
1-1: Called Strike
1-2: Foul Ball, location: 2F
1-2: Ball
2-2: Ball
3-2: Strikes out swinging
Batting: LHB Waylon Spada 0-0: Ball
1-0: Fly out, F9 (Line Drive, 89M, EV 86.9 MPH)
Top of the 5th over - 0 runs, 1 hit, 0 errors, 1 left on base; Reno 0 - Monterrey 2
BOTTOM OF THE 5TH
Monterrey Killer Whales batting - Pitching for Reno Railers : RHP Arthur Helman
Batting: RHB Jaren Toone 0-0: Ball
1-0: Called Strike
1-1: Foul Ball, location: 2F
1-2: Ball
2-2: Strikes out swinging, 2-3 out at first.
Batting: RHB Corey Douglas 0-0: Fly out, F7 (Flyball, 7D, EV 106.9 MPH)
Batting: LHB Ray Seevers 0-0: Fly out, F7 (Line Drive, 7, EV 86.9 MPH)
Bottom of the 5th over - 0 runs, 0 hits, 0 errors, 0 left on base; Reno 0 - Monterrey 2
TOP OF THE 6TH
Reno Railers batting - Pitching for Monterrey Killer Whales : RHP Nathan Bostian
Batting: RHB Harry Fischer 0-0: Foul Ball, location: 2F
0-1: Called Strike
0-2: Strikes out swinging, 2-3 out at first.
Batting: LHB Moses Thomas 0-0: Ball
1-0: Foul Ball, location: 2F
1-1: Swinging Strike
1-2: SOLO HOME RUN (Flyball, 9D, EV 92.5 MPH), Distance : 356 ft
Batting: RHB Rex Manning 0-0: Called Strike
0-1: Swinging Strike
0-2: Foul Ball, location: 2F
0-2: Ball
1-2: Ball
2-2: Ground out 6-3 (Groundball, 56, EV 85.6 MPH)
Batting: SHB Ke'Ron Nicolescu 0-0: Called Strike
0-1: Called Strike
0-2: Strikes out swinging
Top of the 6th over - 1 run, 1 hit, 0 errors, 0 left on base; Reno 1 - Monterrey 2
BOTTOM OF THE 6TH
Monterrey Killer Whales batting - Pitching for Reno Railers : RHP Arthur Helman
Batting: LHB Furman Auerbach 0-0: Called Strike
0-1: Swinging Strike
0-2: Ground out 1-3 (Groundball, 34S, EV 71.9 MPH)
Batting: LHB Tony May 0-0: Ball
1-0: Fly out, F7 (Flyball, 78M, EV 88.1 MPH)
Batting: SHB Tucker Shad 0-0: Ball
1-0: Ball
2-0: Foul Ball, location: 2F
2-1: Foul Ball, location: 2F
2-2: Foul Ball, location: 2F
2-2: Ball
3-2: DOUBLE (Line Drive, 9LM, EV 92.5 MPH)
Batting: RHB Sylvan Troke 0-0: Called Strike
0-1: Fly out, F8 (Flyball, 8RM, EV 91.9 MPH)
Bottom of the 6th over - 0 runs, 1 hit, 0 errors, 1 left on base; Reno 1 - Monterrey 2
TOP OF THE 7TH
Reno Railers batting - Pitching for Monterrey Killer Whales : RHP Nathan Bostian
Batting: RHB Sol Djojohadiksumo 0-0: SOLO HOME RUN (Flyball, 9D, EV 98.1 MPH), Distance : 364 ft
Batting: RHB Braeden Shute 0-0: Called Strike
0-1: Ball
1-1: Swinging Strike
1-2: Foul Ball, location: 2F
1-2: Strikes out swinging
Pitching: RHP Efrain Hutcherson
Pinch Hitting: RHB Seth Allen 0-0: Ball
1-0: Called Strike
1-1: Fly out, F3 (Line Drive, 3L, EV 68.8 MPH)
Batting: SHB Eli Hughes 0-0: Ball
1-0: SINGLE (Groundball, 15S, EV 66.2 MPH) (infield hit)
Batting: LHB Waylon Spada 0-0: Ball
Eli Hughes steals 2nd base
1-0: Called Strike
1-1: Called Strike
1-2: Ball
2-2: Fly out, F8 (Flyball, 8LM, EV 96.9 MPH)
Top of the 7th over - 1 run, 2 hits, 0 errors, 1 left on base; Reno 2 - Monterrey 2
BOTTOM OF THE 7TH
Monterrey Killer Whales batting - Pitching for Reno Railers : RHP Arthur Helman
Now at SS: Sheridan Anuenue
Batting: LHB Stephen Snowbarger 0-0: Ball
1-0: DOUBLE (Groundball, 3L, EV 102.5 MPH)
Batting: RHB Jakob Barnes 0-0: Called Strike
0-1: Foul Ball, location: 2F
0-2: Foul Ball, location: 2F
0-2: Ball
1-2: Ball
2-2: Strikes out swinging
Batting: RHB Jaren Toone 0-0: Ball
1-0: 2-RUN HOME RUN (Flyball, 7D, EV 92.5 MPH), Distance : 363 ft
Batting: RHB Corey Douglas 0-0: Ball
1-0: Ball
2-0: SOLO HOME RUN (Flyball, 7D, EV 95.6 MPH), Distance : 361 ft
Batting: LHB Ray Seevers 0-0: Ball
1-0: Called Strike
1-1: Ball
2-1: Swinging Strike
2-2: Strikes out swinging
Batting: LHB Furman Auerbach 0-0: Ball
1-0: Fly out, F7 (Flyball, 7, EV 88.8 MPH)
Bottom of the 7th over - 3 runs, 3 hits, 0 errors, 0 left on base; Reno 2 - Monterrey 5
TOP OF THE 8TH
Reno Railers batting - Pitching for Monterrey Killer Whales : RHP Efrain Hutcherson
Batting: RHB Harry Fischer 0-0: Ball
1-0: Fly out, F9 (Flyball, 9, EV 80.0 MPH)
Batting: LHB Moses Thomas 0-0: Called Strike
0-1: Ball
1-1: Foul Ball, location: 2F
1-2: Ball
2-2: Ground out 4-3 (Groundball, 4S, EV 87.5 MPH)
Batting: RHB Rex Manning 0-0: Foul Ball, location: 2F
0-1: SINGLE (Line Drive, 89S, EV 111.2 MPH)
Pitching: LHP Edgar Kozlowski
Batting: SHB Ke'Ron Nicolescu 0-0: Called Strike
0-1: Fly out, F7 (Flyball, 8LM, EV 73.8 MPH)
Top of the 8th over - 0 runs, 1 hit, 0 errors, 1 left on base; Reno 2 - Monterrey 5
BOTTOM OF THE 8TH
Monterrey Killer Whales batting - Pitching for Reno Railers : RHP Arthur Helman
Batting: LHB Tony May 0-0: Swinging Strike
0-1: DOUBLE (Flyball, 78XD, EV 98.8 MPH)
Batting: SHB Tucker Shad 0-0: Intentional Walk
Batting: RHB Sylvan Troke 0-0: Called Strike
0-1: Swinging Strike
0-2: Foul Ball, location: 2F
0-2: Ball
1-2: SINGLE (Groundball, 6MD, EV 101.2 MPH)
Tony May to third
Tucker Shad to second
Batting: LHB Stephen Snowbarger 0-0: Called Strike
0-1: Called Strike
0-2: Strikes out swinging
Pitching: RHP Joel Raddatz
Batting: RHB Jakob Barnes 0-0: Called Strike
0-1: Ball
1-1: Swinging Strike
1-2: Strikes out swinging
Batting: RHB Jaren Toone 0-0: Ball
1-0: Foul Ball, location: 2F
1-1: Called Strike
1-2: Strikes out swinging
Bottom of the 8th over - 0 runs, 2 hits, 0 errors, 3 left on base; Reno 2 - Monterrey 5
TOP OF THE 9TH
Reno Railers batting - Pitching for Monterrey Killer Whales : LHP Edgar Kozlowski
Pitching: RHP Tom Beard
Batting: RHB Sol Djojohadiksumo 0-0: Ball
1-0: Called Strike
1-1: Called Strike
1-2: Strikes out swinging
Batting: RHB Braeden Shute 0-0: Called Strike
0-1: Called Strike
0-2: Ball
1-2: Foul Ball, location: 2F
1-2: Ball
2-2: Foul Ball, location: 2F
2-2: Fly out, F8 (Line Drive, 8RD, EV 93.8 MPH)
Batting: RHB Sheridan Anuenue 0-0: Called Strike
0-1: Swinging Strike
0-2: Ball
1-2: Ball
2-2: TRIPLE (Flyball, 89XD, EV 112.5 MPH)
Batting: SHB Eli Hughes 0-0: Called Strike
0-1: Ground out 2-3 (Groundball, 13S, EV 68.1 MPH)
Top of the 9th over - 0 runs, 1 hit, 0 errors, 1 left on base; Reno 2 - Monterrey 5
Monday, April 29th , 2024 - OOTP Baseball 23.10 Build 110